 Dungeon Crawl Stone Soup version 0.28-a0-863-g8cecda6153 (webtiles) character file.

Game seed: 12297696936011725518

2150 mcbry74 the Cleaver (level 9, -1/85 HPs)
             Began as a Hill Orc Fighter on Nov 19, 2021.
             Was a Follower of Makhleb.
             Slain by a killer bee (5 damage)
             ... on level 7 of the Dungeon.
             The game lasted 00:20:54 (7306 turns).

mcbry74 the Cleaver (Hill Orc Fighter)              Turns: 7306, Time: 00:20:57

Health: -1/85      AC: 10    Str: 22    XL:     9   Next: 31%
Magic:  14/14      EV:  9    Int:  8    God:    Makhleb [*.....]
Gold:   141        SH:  4    Dex: 10    Spells: 8/8 levels left

rFire   . . .      SeeInvis .   a - +0 war axe
rCold   . . .      Faith    +   c - +0 buckler
rNeg    + . .      Spirit   .   b - +0 scale mail
rPois   .          Reflect  .   p - +2 helmet
rElec   .          Harm     .   (no cloak)
rCorr   .          Rampage  .   (no gloves)
Will    .....                   (no boots)
Stlth   ..........              w - amulet of faith
HPRegen 0.24/turn               o - ring of positive energy
MPRegen 0.14/turn               (no ring)

@: lethally poisoned (-1 -> -13)
A: no striking features
a: Renounce Religion


You were on level 7 of the Dungeon.
You worshipped Makhleb.
Makhleb was aware of your devotion.
You visited 1 branch of the dungeon, and saw 7 of its levels.
You also visited: Sewer.

You collected 246 gold pieces.
You spent 105 gold pieces at shops.

Inventory:

Hand Weapons
 a - a +0 war axe (weapon)
 q - a +0 battleaxe
 A - a +0 flail
 B - a +2 whip of venom
Missiles
 u - 26 poisoned darts (quivered)
 v - 5 javelins
 x - a throwing net
Armour
 b - a +0 scale mail (worn)
 c - a +0 buckler (worn)
 p - a +2 helmet (worn)
Jewellery
 o - a ring of positive energy (left hand)
 w - an amulet of faith (around neck)
Wands
 s - a wand of digging (3)
Scrolls
 e - a scroll of fear {unknown}
 h - 4 scrolls of teleportation {unknown}
 i - 2 scrolls of enchant weapon {unknown}
 n - 2 scrolls of amnesia {unknown}
 r - 4 scrolls of identify {unknown}
 y - a scroll of blinking
 C - a scroll of immolation {unknown}
Potions
 f - 2 potions of brilliance {unknown}
 g - a potion of haste {unknown}
 j - 3 potions of heal wounds
 k - a potion of mutation {unknown}
 l - 5 potions of flight
 m - 2 potions of lignification {unknown}
 t - a potion of might
 z - a potion of degeneration {unknown}


   Skills:
 * Level 9.7 Fighting
 + Level 10.2 Axes
 - Level 3.2 Armour
 - Level 3.2 Shields
 + Level 7.1 Invocations


You had 8 spell levels left.
You didn't know any spells.
Your spell library contained the following spells:

 Spells                   Type           Power      Damage    Failure   Level
 Summon Small Mammal      Summ           0%         N/A       77%         1
 Call Canine Familiar     Summ           0%         N/A       98%         3
 Summon Guardian Golem    Hex/Summ       0%         N/A       98%         3


Dungeon Overview and Level Annotations

Branches:
Dungeon (7/15)             Temple (0/1) D:7           Sewer (visited)

Altars:
Fedhas
Makhleb
Qazlal
Ru

Shops:
D:5 ?


Message History

You feel better.
The killer bee stings you but does no damage.
The killer bee barely misses you. The killer bee stings you.
* * * LOW HITPOINT WARNING * * *
The killer bee stings you but does no damage.
The killer bee misses you. x2
The killer bee stings you but does no damage.
The killer bee stings you.
* * * LOW HITPOINT WARNING * * *
You feel much better. The killer bee barely misses you.
The killer bee stings you but does no damage.
The killer bee closely misses you. The killer bee stings you.
The killer bee barely misses you. You block the killer bee's attack.
The killer bee stings you but does no damage. x2
You barely miss the killer bee.
The killer bee is severely wounded.
You closely miss the killer bee. You hit the killer bee.
You miss the killer bee.
The killer bee stings you but does no damage. x2
The killer bee closely misses you. x2; You block the killer bee's attack.
The killer bee completely misses you. The killer bee stings you!
* * * LOW HITPOINT WARNING * * *
The killer bee stings you.
* * * LOW HITPOINT WARNING * * *
You are poisoned.
The killer bee poisons you!
You completely miss the killer bee.
The killer bee is almost dead.
You miss the killer bee. You barely miss the killer bee.
You miss the killer bee.
You feel sick. The killer bee stings you!
* * * LOW HITPOINT WARNING * * *
You are lethally poisoned!
The killer bee poisons you! The killer bee closely misses you. x2
The killer bee stings you but does no damage.
You block the killer bee's attack.
The killer bee stings you but does no damage.
The killer bee stings you.
* * * LOW HITPOINT WARNING * * *
The killer bee stings you.
You die...

.......#...........#
.......#...........#
.......########....#
#...y.........#....#
#.............'....#
+...........y.#....#
#.............#.>..#
#.......†.....##yy.#
##+###+##......#@y.#
+....#......#.y.#
#....#......#...#
#....#......#...#
#....'......#...#
##..##......#...#
###..#.......###+#
#....#.......#...#
#....'....>..'...#


You could see 4 killer bees.

Vanquished Creatures
  A wyvern (D:7)
  Duvessa (D:4)
  A sky beast (D:6)
  An ice beast (D:5)
  A necrophage (D:6)
  2 ogres
  A black bear (D:7)
  2 centaurs
  A kobold brigand (Sewer)
  A phantom (D:6)
  A gnoll sergeant (D:6)
  2 bullfrogs
  A wyvern zombie (D:4)
  2 scorpions
  2 water moccasin zombies (D:5)
  Dowan (D:4)
  2 killer bees (D:7)
  2 hounds
  An orc priest (D:3)
  Ijyb (D:4)
  3 iguanas
  A killer bee zombie (D:4)
  A howler monkey skeleton (D:6)
  6 adders
  6 gnolls
  3 river rats
  A shadow imp (D:6)
  2 ufetubi
  2 worms (D:2)
  2 dart slugs
  6 orcs (D:3)
  8 bats
  4 endoplasms
  3 giant cockroaches
  A goblin (D:1)
  7 hobgoblins
  2 jackals (Sewer)
  4 quokkas
  7 ball pythons
  5 frilled lizards
  A jackal skeleton (D:4)
  9 kobolds
  A quokka skeleton (D:4)
  7 rats
119 creatures vanquished.

Notes
Turn   | Place    | Note
-------+----------+-------------------------------------------
     0 | D:1      | mcbry74 the Hill Orc Fighter began the quest for the Orb.
     0 | D:1      | Reached XP level 1. HP: 19/19 MP: 1/1
    70 | D:1      | Reached skill level 3 in Axes
   151 | D:1      | Reached XP level 2. HP: 17/26 MP: 2/2
   336 | D:1      | Reached skill level 4 in Axes
   667 | D:1      | Reached XP level 3. HP: 31/31 MP: 3/3
   955 | D:2      | Reached skill level 5 in Axes
  1331 | D:2      | Found a blossoming altar of Fedhas.
  1675 | D:3      | Reached skill level 6 in Axes
  1675 | D:3      | Reached XP level 4. HP: 26/39 MP: 4/4
  1806 | D:3      | Found a glowing drain.
  1816 | D:3      | Reached XP level 5. HP: 25/46 MP: 5/5
  1826 | Sewer    | Entered a sewer
  2091 | Sewer    | Noticed a kobold brigand
  2102 | Sewer    | Killed a kobold brigand
  2103 | Sewer    | Reached skill level 7 in Axes
  2227 | Sewer    | Found a white marble altar of Elyvilon.
  2433 | D:3      | Found a burning altar of Makhleb.
  2492 | D:3      | Became a worshipper of Makhleb the Destroyer
  2706 | D:3      | Found a stormy altar of Qazlal.
  2719 | D:3      | Reached XP level 6. HP: 55/55 MP: 6/6
  3099 | D:4      | Reached skill level 5 in Fighting
  3140 | D:4      | Noticed Ijyb
  3160 | D:4      | Killed Ijyb
  3161 | D:4      | Reached skill level 1 in Invocations
  3353 | D:4      | Found a sacrificial altar of Ru.
  3357 | D:4      | Noticed Duvessa
  3387 | D:4      | Killed Duvessa
  3668 | D:4      | Noticed Dowan
  3678 | D:4      | Killed Dowan
  3679 | D:4      | Reached XP level 7. HP: 34/62 MP: 7/9
  3891 | D:4      | Reached skill level 8 in Axes
  4207 | D:4      | Reached * piety under Makhleb
  4426 | D:5      | Entered Level 5 of the Dungeon
  4692 | D:5      | Reached XP level 8. HP: 70/71 MP: 11/11
  4831 | D:5      | Found Zeracri's Magic Scroll Emporium.
  4845 | D:5      | Bought a scroll of blinking for 105 gold pieces
  5347 | D:6      | Reached skill level 9 in Axes
  5347 | D:6      | Reached skill level 5 in Invocations
  6828 | D:6      | Reached XP level 9. HP: 82/82 MP: 13/13
  7013 | D:7      | Reached skill level 10 in Axes
  7171 | D:7      | Found a staircase to the Ecumenical Temple.
  7303 | D:7      | HP: 4/85 [killer bee (4)]
  7306 | D:7      | Slain by a killer bee

Illustrated notes

Levels and vault maps discovered:
D:1:      dpeg_arrival_pits, layout_basic, due_unseen_surprise
D:2:      layout_basic, basic_altar
D:3:      layout_basic, lemuel_crystal_altar, nicolae_qazlal_scattered_showers,
          portal_sewer_entry_b, item_on_display_a
D:4:      layout_basic, nicolae_ru_path_of_blood, uniq_ijyb, uniq_duvessa
D:5:      lemuel_ice_spiral_2, layout_basic, serial_shops, nicolae_stop_n_shop_1
D:6:      layout_layer_cave
D:7:      layout_gridville, minmay_temple_entry_hall

Skill      XL: |  1  2  3  4  5  6  7  8  9 |
---------------+----------------------------+-----
Axes           | 3 4 6 7 8 9 10 | 10.2
Fighting       | 4 5 6 8 9 |  9.7
Invocations    | 2 4 6 7 |  7.1
Armour         | |  3.2
Shields        | |  3.2

Action                   |  1- 3 |  4- 6 |  7- 9 || total
-------------------------+-------+-------+-------++-------
Melee: War axe           |    88 |   144 |   214 ||   446
Throw: Dart              |       |       |     3 ||     3
  Use: Potion            |       |     1 |     4 ||     5
Armor: Scale mail        |    40 |    67 |   114 ||   221
Dodge: Dodged            |    43 |    80 |   120 ||   243
Block: Buckler           |    14 |    31 |    46 ||    91

Table legend: (Time is in decaauts)
 A = Elapsed time spent in this place.
 B = Non-inter-level travel time spent in this place.
 C = Inter-level travel time spent in this place.
 D = Time resting spent in this place.
 E = Time spent auto-exploring this place.
 F = Levels seen in this place.
 G = Mean time per level.
                   A        B        C        D        E       F      G
               +--------+--------+--------+--------+--------+-----+--------+
         Total |   7395 |   6951 |    444 |   1035 |   4704 |   8 |  924.4 |
       Dungeon |   6926 |   6482 |    444 |    831 |   4490 |   7 |  989.4 |
         Sewer |    469 |    469 |      0 |    204 |    214 |   1 |  469.0 |
               +--------+--------+--------+--------+--------+-----+--------+

Top non-repeatable levels by time:
     D:6: 1718 daAuts
     D:4: 1386 daAuts
     D:2: 1005 daAuts
     D:1: 851 daAuts
     D:5: 846 daAuts
     D:3: 796 daAuts
   Sewer: 469 daAuts
     D:7: 322 daAuts
